 Dungeon Crawl Stone Soup version 0.23-a0-650-ga4d50d4d25 (webtiles) character file.

105288 Mazzaar the Geomancer (level 16, -3/99 HPs)
             Began as a Gargoyle Earth Elementalist on Jan 2, 2019.
             Was a High Priest of Vehumet.
             Slain by an alligator (8 damage)
             ... on level 1 of the Swamp on Jan 3, 2019.
             The game lasted 02:19:21 (40467 turns).

Mazzaar the Geomancer (GrEE)                       Turns: 40467, Time: 02:19:22

Health: -3/99      AC: 28    Str: 14    XL:     16   Next: 41%
Magic:  4/30       EV: 17    Int: 21    God:    Vehumet [*****.]
Gold:   476        SH:  0    Dex: 14    Spells: 9/35 levels left

rFire    + . .     SeeInvis +   Z - +3 morningstar (drain)
rCold    . . .     Gourm    .   (no shield)
rNeg     + . .     Faith    .   x - +0 robe {Archmagi}
rPois    ∞         Spirit   .   Q - +2 helmet {SInv}
rElec    +         Reflect  .   h - +2 cloak of the Thief {+Fog Slay-2 SInv Stlth+}
rCorr    .         Harm     .   w - +3 pair of gloves of Freedom {Dex+4}
MR       ++...                  q - +2 pair of boots of the Assassin {Detection Stab+ Stlth++}
Stlth    +++++.....             D - amulet of rage
HPRegen  0.26/turn              k - ring of protection from magic
MPRegen  0.22/turn              S - ring of protection from fire

@: flying
A: big wings, claws 1, mutation resistance 1, negative energy resistance 1,
electricity resistance, unbreathing, petrification resistance, rot immunity, AC
+12
a: Stop Flying, Renounce Religion, Evoke Fog, Evoke Berserk Rage


You were on level 1 of the Swamp.
You worshipped Vehumet.
Vehumet was extremely pleased with you.
You were not hungry.

You visited 5 branches of the dungeon, and saw 25 of its levels.
You also visited: Ossuary and Gauntlet.

You collected 2974 gold pieces.
You spent 2498 gold pieces at shops.

Inventory:

Hand Weapons
 N - a +0 eveningstar
 Z - a +3 morningstar of draining (weapon)
Missiles
 l - 2 throwing nets
 R - 228 stones (quivered)
Armour
 h - the +2 cloak of the Thief (worn) {+Fog Slay-2 SInv Stlth+}
   (You found it on level 7 of the Dungeon)

   It affects your accuracy and damage with ranged weapons and melee attacks
   (-2).
   It lets you see invisible.
   It makes you more stealthy.
 q - the +2 pair of boots of the Assassin (worn) {Detection Stab+ Stlth++}
   (You bought it in a shop on level 2 of the Orcish Mines)

   It makes you much more stealthy.
 w - the +3 pair of gloves of Freedom (worn) {Dex+4}
   (You bought it in a shop on level 2 of the Orcish Mines)

   It affects your dexterity (+4).
 x - a +0 robe of the Archmagi (worn)
 K - a +2 robe of cold resistance
 Q - a +2 helmet of see invisible (worn)
 U - the +2 shield "Poteu" {Str+7}
   (You took it off a human on level 13 of the Dungeon)

   It affects your strength (+7).
Magical Staves
 a - an uncursed staff of wizardry
Jewellery
 k - a ring of protection from magic (left hand)
 u - an uncursed ring of fire
 y - an uncursed ring of fire
 D - an amulet of rage (around neck)
 J - an uncursed ring of protection from cold
 S - a ring of protection from fire (right hand)
 W - the ring "Mamp" {+Inv rPois Str+3}
   (You found it in a Gauntlet)

   [ring of poison resistance]

   It affects your strength (+3).
   It protects you from poison.
   It lets you turn invisible.
Wands
 c - a wand of iceblast (13)
 f - a wand of polymorph (13)
 o - a wand of acid (2)
 r - a wand of digging (8)
 B - a wand of enslavement (23)
 G - a wand of paralysis (21)
 H - a wand of scattershot (7)
Scrolls
 b - 3 scrolls of magic mapping
 e - a scroll of silence
 g - 11 scrolls of remove curse
 s - 11 scrolls of identify
 z - 9 scrolls of amnesia
 C - 2 scrolls of fear
 E - 7 scrolls of fog
 I - 8 scrolls of teleportation
 M - 5 scrolls of immolation
 Y - a scroll of blinking
Potions
 i - 9 potions of curing
 j - 4 potions of mutation
 t - 5 potions of brilliance
 v - a potion of berserk rage
 F - a potion of haste
 P - 3 potions of agility
Miscellaneous
 m - a phantom mirror
 V - a box of beasts
Comestibles
 d - 19 rations


   Skills:
 + Level 10.6 Fighting
 + Level 9.8 Maces & Flails
 - Level 6.0 Armour
 + Level 8.5 Dodging
 - Level 2.1 Stealth
 + Level 10.2 Spellcasting
 + Level 11.6 Conjurations
   Level 0.7 Transmutations
 * Level 12.3 Fire Magic
 + Level 13.2 Earth Magic
 - Level 6.0 Evocations


You had 9 spell levels left.
You knew the following spells:

 Your Spells              Type           Power        Failure   Level  Hunger
a - Sandblast             Erth           ######       1%          1    None
b - Stone Arrow           Conj/Erth      ######       1%          3    None
c - Lee's Rapid Deconstr  Erth           #######...   1%          5    ####...
d - Bolt of Fire          Conj/Fire      #######...   1%          6    ######.
e - Iron Shot             Conj/Erth      #######...   1%          6    ######.
f - Fireball              Conj/Fire      #######...   1%          5    ####...

Your spell library contained the following spells:

 Spells                   Type           Power        Failure   Level  Hunger
 Flame Tongue             Conj/Fire      #####        1%          1    None
 Magic Dart               Conj           ####         1%          1    None
 Passwall                 Tmut/Erth      ######..     1%          2    None
 Conjure Flame            Conj/Fire      #######.     1%          3    None
 Dazzling Spray           Conj/Hex       ######       1%          3    None
 Mephitic Cloud           Conj/Pois/Air  #####...     1%          3    None
 Petrify                  Tmut/Erth      ######..     3%          4    ##.....
 Animate Skeleton         Necr           N/A          6%          1    None
 Corona                   Hex            ###....      6%          1    None
 Pain                     Necr           ###.         6%          1    None
 Blink                    Tloc           N/A          10%         2    None
 Call Imp                 Summ           ###.....     10%         2    None
 Ensorcelled Hibernation  Hex/Ice        ###...       10%         2    None
 Slow                     Hex            ###.....     10%         2    None
 Confuse                  Hex            ###.....     19%         3    None
 Regeneration             Chrm/Necr      ###.......   19%         3    None
 Tukima's Dance           Hex            ###.....     19%         3    None
 Vampiric Draining        Necr           ###.......   19%         3    None
 Animate Dead             Necr           N/A          54%         4    ##.....
 Cause Fear               Hex            ###.......   54%         4    ##.....
 Dragon Form              Tmut           ###.......   100%        7    #######
 Dragon's Call            Summ           ###.......   100%        9    #######


Dungeon Overview and Level Annotations

Branches:
Dungeon (15/15)            Temple (1/1) D:7            Lair (6/6) D:8
  Swamp (1/4) Lair:2       Spider (0/4) Lair:3        Slime (0/5) Lair:6
    Orc (2/2) D:10            Elf (0/3) Orc:2        Vaults (0/5) D:13
 Depths (0/5) D:15

Altars:
Ashenzari
Cheibriados
Dithmenos
Elyvilon
Fedhas
Gozag
Hepliaklqana
Kikubaaqudgha
Makhleb
Nemelex Xobeh
Okawaru
Qazlal
Ru
Sif Muna
Trog
Uskayaw
Vehumet
Wu Jian
Xom
Yredelemnul
Zin
The Shining One
Beogh
Jiyva

Shops:
D:7 [   D:13 !   Orc:2 }[[?

Portals:
Trove: D:13 (give 22 scrolls of identify)

Annotations:
D:5 3 runed doors, Allula97's ghost, novice OgHu
D:7 1 runed door
D:12 2 transporters


Innate Abilities, Weirdness & Mutations

You are resistant to torment.
Your stone body is resilient. (AC +12)
You are immune to poison.
Your large and strong wings let you fly indefinitely.
You resist negative energy. (rN+)
You are resistant to electric shocks. (rElec)
You can survive without breathing.
You are immune to petrification.
You are immune to rotting.
You have sharp fingernails.
You are somewhat resistant to further mutation.


Message History

Unknown command.
Unknown command.
The slime creature hits you but does no damage.
The slime creature misses you.
The alligator bites you but does no damage.
The alligator tail-slaps you but does no damage.
The slime creature hits you but does no damage.
The alligator bites you but does no damage.
The alligator tail-slaps you but does no damage.
The alligator completely misses you.
The alligator tail-slaps you but does no damage.
The alligator closely misses you. The alligator barely misses you.
The alligator bites you!!
* * * LOW HITPOINT WARNING * * *
The alligator tail-slaps you but does no damage.
Two slime creatures merge to form a large slime creature.
The alligator bites you!!
* * * LOW HITPOINT WARNING * * *
The alligator tail-slaps you!
You die...

♣....≈♣ ♣.... ♣♣
♣....≈♣♣♣..≈≈
♣≈≈≈≈..≈.≈♣....
♣..$..≈≈≈.≈..≈≈
♣.≈≈..§≈≈≈..≈≈≈
♣.....≈≈≈≈.....
♣♣♣♣J.≈≈≈≈..≈≈.
♣♣†t≈≈≈≈≈≈≈≈≈≈
♣♣.@≈≈....≈≈≈≈≈
♣≈.≈≈....≈≈≈≈≈≈
♣♣.≈≈≈...≈≈≈≈≈≈
♣.≈≈≈...≈≈≈≈≈≈
♣♣.≈≈...≈♣♣♣♣..♣♣♣♣
♣≈.§≈≈≈≈.♣ ♣♣≈≈♣♣
♣♣≈≈≈≈≈≈.♣ ♣.≈≈≈
♣♣..≈≈≈≈♣ ♣♣♣♣.≈.♣
♣♣≈≈...♣♣♣♣.≈♣..♣♣


You could see an alligator and a large slime creature.

Vanquished Creatures
  Rupert (D:13)
  A thorn hunter (Swamp:1)
  An orc warlord (Orc:1)
  Nessos (D:14)
  A minotaur (Gauntlet)
  Snorg (Orc:1)
  A fire dragon (Lair:6)
  An ettin (D:15)
  A death ooze (Gauntlet)
  12 hydras
  A death knight (D:11)
  4 vault guards (D:13)
  Erica (D:8)
  A ghost crab (Swamp:1)
  10 two-headed ogres
  4 centaur warriors
  6 ogre magi
  An alligator (Swamp:1)
  A tengu warrior (D:15)
  Nergalle (Orc:2)
  6 unseen horrors
  2 lindwurms
  Pikel (D:6)
  A deep elf archer (D:15)
  A wizard (D:15)
  3 manticores
  5 orc sorcerers
  2 oklob plants (Lair:4)
  3 orc knights
  4 ugly things (D:15)
  2 cyclopes
  4 elephants (Lair:6)
  Joseph (D:8)
  7 black mambas
  2 molten gargoyles (Lair:6)
  5 gargoyles
  19 spiny frogs
  2 efreet
  3 rime drakes (Lair:6)
  2 freezing wraiths
  7 komodo dragons
  A tengu conjurer (D:15)
  2 polar bears (Lair:4)
  A jumping spider (shapeshifter) (D:15)
  6 trolls
  2 jumping spiders (Lair:3)
  3 hornets
  3 bog bodies
  11 blink frogs
  10 hippogriffs
  13 slime creatures
  2 tyrant leeches (Swamp:1)
  The ghost of Holzbalken the Cudgeler, an amateur DsGl of Qazlal (D:6)
  10 wyverns
  2 vampires
  36 yaks
  2 wraiths
  8 humans (D:13)
  A golden eye (shapeshifter) (D:14)
  3 basilisks
  3 steam dragons (Lair:6)
  4 vampire mosquitoes
  6 wargs
  3 swamp worms (Swamp:1)
  Edmund (D:5)
  2 acid dragons (D:14)
  3 hell hounds (Lair:6)
  4 insubstantial wisps (Swamp:1)
  25 water moccasins
  7 porcupines
  3 slaves (D:6)
  A black bear (D:7)
  18 orc warriors
  3 phantoms
  7 ice beasts
  3 sky beasts
  12 ogres
  11 centaurs
  A boggart (Gauntlet)
  13 wolves
  10 crocodiles
  4 big kobolds
  13 bullfrogs
  A wyvern zombie (D:7)
  A wyvern skeleton (D:8)
  8 scorpions
  14 killer bees
  A troll zombie (Ossuary)
  9 wights
  7 howler monkeys
  11 electric eels
  3 crimson imps
  5 centaur zombies
  5 lava snakes (Lair:6)
  4 bullfrog zombies
  A human zombie (Ossuary)
  5 jellies
  A quasit (D:14)
  3 centaur skeletons
  8 hounds
  7 orc priests
  A gnoll shaman (D:8)
  Ijyb (D:4)
  4 bullfrog skeletons
  5 iguanas
  30 orc wizards
  9 worker ants
  A big kobold zombie (Ossuary)
  2 ogre zombies (Ossuary)
  A hound zombie (D:7)
  7 mummies (Ossuary)
  A hound skeleton (D:4)
  A worker ant zombie (D:8)
  28 adders
  4 gnolls
  10 shadow imps
  8 oozes
  7 adder zombies
  A worm (D:3)
  4 leopard geckos
  76 orcs
  11 bats
  7 giant cockroaches
  10 goblins
  4 hobgoblins
  10 jackals
  6 quokkas
  3 frilled lizards
  2 goblin zombies (Ossuary)
  3 hobgoblin zombies (Ossuary)
  19 kobolds
  4 kobold zombies (Ossuary)
  A leopard gecko skeleton (D:4)
  A quokka skeleton (D:4)
  5 quokka zombies (Ossuary)
  10 rats
  3 rat zombies (Ossuary)
  A briar patch (Swamp:1)
  2 fungi (Lair:6)
804 creatures vanquished.

Vanquished Creatures (collateral kills)
  A vault guard (D:13)
1 creature vanquished.

Vanquished Creatures (others)
  A troll (D:13)
  A slime creature (D:13)
  A swamp drake (D:6)
  A black bear (D:6)
  An orc wizard (D:6)
  An orc (D:6)
  A kobold (D:13)
  10 fungi
  A plant (Lair:4)
  5 toadstools (D:10)
23 creatures vanquished.

Grand Total: 828 creatures vanquished

Notes
Turn   | Place    | Note
-------+----------+-------------------------------------------
     0 | D:1      | Mazzaar the Gargoyle Earth Elementalist began the quest for
                  | the Orb.
     0 | D:1      | Reached XP level 1. HP: 10/10 MP: 3/3
   196 | D:1      | Reached XP level 2. HP: 13/15 MP: 5/5
   202 | D:1      | Reached skill level 4 in Earth Magic
   922 | D:1      | Reached XP level 3. HP: 18/19 MP: 6/6
   927 | D:1      | Learned a level 3 spell: Stone Arrow
  1043 | D:2      | Noticed a phantom
  1070 | D:2      | Killed a phantom
  1070 | D:2      | Reached skill level 5 in Earth Magic
  1070 | D:2      | Reached XP level 4. HP: 9/24 MP: 0/8
  1070 | D:2      | Reached XP level 5. HP: 11/28 MP: 0/9
  1077 | D:2      | Learned a level 5 spell: Lee's Rapid Deconstruction
  1313 | D:2      | Found an iron altar of Okawaru.
  2288 | D:3      | Found a snail-covered altar of Cheibriados.
  2324 | D:3      | Reached XP level 6. HP: 30/32 MP: 11/11
  3237 | D:4      | Reached skill level 6 in Earth Magic
  3536 | D:4      | Noticed Ijyb
  3544 | D:4      | Killed Ijyb
  3544 | D:4      | Reached XP level 7. HP: 34/36 MP: 0/13
  3816 | D:4      | Found a transporter.
  3833 | D:4      | Found a transporter.
  4249 | D:4      | Reached skill level 7 in Earth Magic
  4315 | D:5      | Entered Level 5 of the Dungeon
  4484 | D:5      | Found a sand-covered staircase.
  4505 | Ossuary  | Entered an ossuary
  4729 | Ossuary  | Reached XP level 8. HP: 39/42 MP: 9/15
  4845 | Ossuary  | Reached skill level 5 in Spellcasting
  5011 | Ossuary  | Reached skill level 5 in Conjurations
  5122 | Ossuary  | Reached skill level 1 in Fighting
  5122 | Ossuary  | Reached skill level 1 in Maces & Flails
  5122 | Ossuary  | Reached skill level 1 in Armour
  5122 | Ossuary  | Reached skill level 1 in Evocations
  5608 | D:5      | Noticed Edmund
  5657 | D:5      | Killed Edmund
  6035 | D:5      | Found a runed gate.
  6037 | D:5      | Found a runed gate.
  6068 | D:5      | Found a runed gate.
  6068 | D:5      | Noticed Allula97's ghost (novice OgHu)
  6069 | D:5      | Found a roughly hewn altar of Beogh.
  6716 | D:6      | Noticed Holzbalken's ghost (amateur DsGl)
  6916 | D:6      | Found a runed door.
  6982 | D:6      | Noticed Pikel
  6998 | D:6      | Reached XP level 9. HP: 49/49 MP: 17/17
  7015 | D:6      | Killed Pikel
  7589 | D:6      | Found a bloodstained altar of Trog.
  7716 | D:6      | Killed Holzbalken's ghost
  7716 | D:6      | Reached skill level 8 in Earth Magic
  8095 | D:7      | Found Eretzih's Antique Armour Shoppe.
  8354 | D:7      | Found a runed door.
  8354 | D:7      | Found a runed door.
  8354 | D:7      | Noticed a troll
  8387 | D:7      | Killed a troll
  8387 | D:7      | Reached XP level 10. HP: 37/56 MP: 11/19
  8798 | D:7      | Found a runed door.
  8999 | D:7      | Noticed a manticore
  9006 | D:7      | Killed a manticore
  9262 | D:7      | Found the +2 cloak of the Thief {+Fog Slay-2 SInv Stlth+}
  9316 | D:7      | Got an encrusted short sword
  9320 | D:7      | Identified the +1 short sword of Bustrynn {freeze, *Corrode
                  | rC+ Str+4} (You found it on level 7 of the Dungeon)
  9386 | D:7      | Found a staircase to the Ecumenical Temple.
  9396 | Temple   | Entered the Ecumenical Temple
  9529 | Temple   | Became a worshipper of Vehumet
  9697 | D:7      | Learned a level 6 spell: Bolt of Fire
  9701 | D:7      | Identified the +6 hunting sling of Immorality {freeze, rC-
                  | Dex+7}
  9799 | D:7      | Identified the +3 short sword of Fiesiaz {vamp, *Drain
                  | Int+9 Stlth+}
  9992 | D:7      | Found a basalt altar of Yredelemnul.
  9996 | D:7      | Found a burning altar of Makhleb.
 10001 | D:7      | Found a shimmering altar of Xom.
 10126 | D:8      | You fall through a shaft!
 10169 | D:9      | Found a sacrificial altar of Ru.
 10255 | D:9      | Reached skill level 1 in Fire Magic
 10562 | D:9      | Reached skill level 9 in Earth Magic
 11039 | D:9      | Reached skill level 5 in Armour
 11134 | D:9      | Found an ornate altar of the Wu Jian Council.
 11386 | D:9      | Noticed a two-headed ogre
 11394 | D:9      | Killed a two-headed ogre
 11394 | D:9      | Reached skill level 5 in Fighting
 11394 | D:9      | Reached XP level 11. HP: 63/63 MP: 0/21
 11829 | D:8      | Reached * piety under Vehumet
 11829 | D:8      | Offered knowledge of Freeze by Vehumet.
 12196 | D:8      | Noticed Erica
 12202 | D:8      | Killed Erica
 12409 | D:8      | Found a staircase to the Lair.
 12689 | D:8      | Noticed Joseph
 12743 | D:8      | Killed Joseph
 12743 | D:8      | Reached skill level 5 in Maces & Flails
 13459 | D:8      | Noticed a two-headed ogre
 13467 | D:8      | Killed a two-headed ogre
 13654 | D:10     | Entered Level 10 of the Dungeon
 13755 | D:10     | Offered knowledge of Throw Flame by Vehumet.
 13792 | D:10     | Reached ** piety under Vehumet
 13915 | D:10     | Noticed a two-headed ogre
 13918 | D:10     | Found a staircase to the Orcish Mines.
 14698 | D:10     | Killed a two-headed ogre
 14886 | D:11     | Noticed an unseen horror
 14894 | D:11     | Killed an unseen horror
 14894 | D:11     | Reached skill level 5 in Dodging
 15069 | D:11     | Noticed a death knight
 15087 | D:11     | Offered knowledge of Inner Flame by Vehumet.
 15087 | D:11     | Reached skill level 5 in Fire Magic
 15087 | D:11     | Reached skill level 5 in Evocations
 15157 | D:11     | Reached XP level 12. HP: 68/70 MP: 8/22
 15172 | D:11     | Killed a death knight
 15172 | D:11     | Reached skill level 10 in Earth Magic
 15916 | D:11     | Reached *** piety under Vehumet
 16053 | D:11     | Offered knowledge of Iskenderun's Mystic Blast by Vehumet.
 16708 | D:11     | Reached **** piety under Vehumet
 17200 | D:12     | Noticed a centaur warrior
 17200 | D:12     | Noticed a fire giant
 17200 | D:12     | Noticed an ettin
 17202 | D:12     | Found a transporter.
 17202 | D:12     | Found a transporter.
 17224 | D:12     | Offered knowledge of Sticky Flame by Vehumet.
 18227 | D:13     | Found a burning altar of Makhleb.
 18312 | D:13     | Noticed a vault guard
 18312 | D:13     | Noticed a vault guard
 18312 | D:13     | Noticed a vault guard
 18349 | D:13     | Killed a vault guard
 18351 | D:13     | Killed a vault guard
 18351 | D:13     | Reached XP level 13. HP: 61/76 MP: 8/24
 18442 | D:13     | Noticed a vault guard
 18446 | D:13     | Killed a vault guard
 18776 | D:13     | Killed a vault guard
 19044 | D:13     | Identified the +2 shield "Poteu" {Str+7}
 19181 | D:13     | Found a portal to a secret trove of treasure.
 19181 | D:13     | Noticed a vault guard
 19187 | D:13     | Killed a vault guard
 19562 | D:13     | Noticed Rupert
 19570 | D:13     | Killed Rupert
 19570 | D:13     | Reached skill level 11 in Earth Magic
 19766 | D:13     | Reached ***** piety under Vehumet
 19921 | D:13     | Found Soizut's Distillery.
 19941 | D:13     | Offered knowledge of Airstrike by Vehumet.
 19970 | D:13     | Bought a potion of heal wounds for 95 gold pieces
 20425 | D:13     | Found a gate to the Vaults.
 20893 | D:14     | You fall through a shaft!
 20893 | D:15     | Entered Level 15 of the Dungeon
 21276 | D:14     | Found a glowing golden altar of the Shining One.
 21391 | D:14     | Noticed Nessos
 21397 | D:14     | Killed Nessos
 21813 | D:14     | Gained mutation: Your large and strong wings let you fly
                  | indefinitely. [Gargoyle growth]
 21813 | D:14     | Reached XP level 14. HP: 59/84 MP: 26/26
 22535 | Lair:1   | Entered Level 1 of the Lair of Beasts
 22544 | Lair:1   | Found a gate leading to a gauntlet.
 22553 | Gauntlet | Entered a Gauntlet
 22553 | Gauntlet | Found a transporter.
 22553 | Gauntlet | Found a transporter.
 22554 | Gauntlet | Found a transporter.
 22555 | Gauntlet | Found a transporter.
 22555 | Gauntlet | Found a transporter.
 22558 | Gauntlet | Found a transporter.
 22562 | Gauntlet | Found a runed door.
 22562 | Gauntlet | Found a runed door.
 22566 | Gauntlet | Found a transporter.
 22567 | Gauntlet | Found a transporter.
 22568 | Gauntlet | Found a transporter.
 22569 | Gauntlet | Found a transporter.
 22577 | Gauntlet | Found a transporter.
 22577 | Gauntlet | Noticed an entropy weaver
 22583 | Gauntlet | Found a transporter.
 22811 | Gauntlet | Got a warped glass ring
 22822 | Gauntlet | Identified the ring "Mamp" {+Inv rPois Str+3} (You found it
                  | in a Gauntlet)
 22848 | Gauntlet | Identified the +7 gold dragon scales of Rareanu {rPois rF+
                  | rC+ Int+7 Dex+4}
 23722 | Lair:1   | Reached skill level 10 in Conjurations
 24586 | Lair:1   | Gained mutation: Scrolls take you a little longer to read.
                  | [potion of mutation]
 24586 | Lair:1   | Gained mutation: You have large cloven feet. [potion of
                  | mutation]
 24586 | Lair:1   | Gained mutation: You are somewhat resistant to further
                  | mutation. [potion of mutation]
 25256 | D:13     | Bought a potion of mutation for 152 gold pieces
 25256 | D:13     | Bought a potion of mutation for 152 gold pieces
 25256 | D:13     | Lost mutation: Scrolls take you a little longer to read.
                  | [potion of mutation]
 25256 | D:13     | Lost mutation: You have large cloven feet. [potion of
                  | mutation]
 25256 | D:13     | Gained mutation: You have sharp fingernails. [potion of
                  | mutation]
 25805 | Lair:2   | Found a staircase to the Swamp.
 26341 | Lair:3   | Found a hole to the Spider Nest.
 27195 | Lair:3   | You fall through a shaft!
 27606 | Lair:4   | Reached skill level 10 in Fire Magic
 28464 | Lair:4   | Reached skill level 12 in Earth Magic
 29986 | Lair:6   | Entered Level 6 of the Lair of Beasts
 30111 | Lair:6   | Reached XP level 15. HP: 83/90 MP: 12/28
 30540 | Lair:6   | Identified the +2 robe "Ehogob" {rElec MR- Dex+2} (You
                  | found it on level 6 of the Lair of Beasts)
 31102 | Lair:6   | Found a viscous altar of Jiyva.
 31102 | Lair:6   | Found a staircase to the Slime Pits.
 31382 | Lair:6   | Offered knowledge of Iron Shot by Vehumet.
 31392 | Lair:6   | Learned a level 6 spell: Iron Shot
 31980 | Lair:6   | Found a large runed door.
 31981 | Lair:6   | Found a large runed door.
 32634 | Orc:1    | Entered Level 1 of the Orcish Mines
 33578 | Orc:2    | Entered Level 2 of the Orcish Mines
 33609 | Orc:2    | Noticed an orc warlord
 34146 | Orc:1    | Killed an orc warlord
 34565 | Orc:2    | Found Cuptint's Gadget Shop.
 34595 | Orc:2    | Found Liuts's Magic Scroll Boutique.
 34608 | Orc:2    | Bought a scroll of teleportation for 33 gold pieces
 34623 | Orc:2    | Found an ancient bone altar of Kikubaaqudgha.
 34623 | Orc:2    | Noticed Nergalle
 34627 | Orc:2    | Killed Nergalle
 34867 | Orc:2    | Found a staircase to the Elven Halls.
 34890 | Orc:1    | Noticed Snorg
 35115 | Orc:1    | Killed Snorg
 35366 | Orc:1    | You are sucked into a shaft!
 35887 | Orc:2    | Reached skill level 10 in Fighting
 36007 | Orc:2    | Found a radiant altar of Vehumet.
 36296 | Orc:2    | Found a roughly hewn altar of Beogh.
 36296 | Orc:2    | Found Siadunas's Antique Armour Shop.
 36305 | Orc:2    | Found Purph's Antique Armour Boutique.
 36342 | Orc:2    | Bought the +2 pair of boots of the Assassin {Detection
                  | Stab+ Stlth++} for 1800 gold pieces
 36342 | Orc:2    | Found the +2 pair of boots of the Assassin {Detection Stab+
                  | Stlth++}
 36369 | Orc:2    | Bought a pair of pitted gloves for 266 gold pieces
 36379 | Orc:2    | Identified the +3 pair of gloves of Freedom {Dex+4} (You
                  | bought it in a shop on level 2 of the Orcish Mines)
 37341 | D:15     | Offered knowledge of Fireball by Vehumet.
 37350 | D:15     | Learned a level 5 spell: Fireball
 37546 | D:15     | Reached skill level 10 in Spellcasting
 37568 | D:15     | Reached XP level 16. HP: 96/97 MP: 5/30
 37628 | D:15     | Reached skill level 13 in Earth Magic
 37843 | D:15     | Found a staircase to the Depths.
 38491 | D:15     | Found a deep blue altar of Sif Muna.
 38522 | D:15     | Upgraded the game from 0.23-a0-644-gb60d84b635 to
                  | 0.23-a0-650-ga4d50d4d25
 38783 | Swamp:1  | Entered Level 1 of the Swamp
 39621 | Swamp:1  | Noticed a thorn hunter
 39627 | Swamp:1  | Killed a thorn hunter
 40467 | Swamp:1  | Slain by an alligator

Vault maps used:
D:1:      saegor_arrival_simple_b, wander_ebering_terrifying_dragon_lair
D:2:      okawaru_trees_2, kennysheep_cluttered_room
D:3:      first_ration, lemuel_statue_altar
D:4:      gammafunk_steamed_eel, minmay_box_of_dots, uniq_ijyb
D:5:      chequers_ossuary_entry_cave, biasface_ghost_orc_armoury, uniq_edmund
D:6:      lemuel_coloured_pillars_altar, hellmonk_ghost_happy_afterlife,
          columned_hall_lemuel, uniq_pikel
D:7:      minmay_the_grid_four_pointed_star, minmay_overflow_temple_star_quad,
          temple_hall, serial_shops, nicolae_shop_behind_doors
D:8:      cheibrodos_two_vegetables, dpeg_oklobed_lair, uniq_erica, uniq_joseph
D:9:      overflow_temple_1_default, basic_altar,
          hangedman_little_slice_of_home, minmay_checkerbox
D:10:     orc_0_dummy, minmay_gold_behind_fungi, minmay_misc_feat_rows
D:11:     lemuel_reptile_caves
D:12:     gammafunk_sealed_arena, wad_dig_loot
D:13:     ximxim_vaults_locker_room, serial_shops, shop, basic_altar,
          enter_trove_5, chequers_mini_garden, uniq_rupert
D:14:     kennysheep_nondescript, tso_metal_star, uniq_nessos
D:15:     hangedman_depths_entry_civil_slaughter, serial_park_tiny_pond,
          hangedman_abyss_or_decor_passed, minmay_misc_feat_cross,
          lemuel_blue_sif_altar
Temple:   eino_temple_rhombus
Lair:1:   gauntlet_entry_generic, st_stairs_5, guppyfry_lair_drakes,
          grunt_megastairs_5
Lair:2:   skrybe_swamp_entry_bodies
Lair:3:   spider_nest_entry_a, beast_lair_carwin_3
Lair:4:   minmay_lair_oklob_chamber, lemuel_fruit_fields
Lair:5:   serial_bayou_pond_e, infiniplex_staircase_pool, serial_bayou_shore_b
Lair:6:   cheibrodos_lair_end_hotspot, dpeg_slime_entry_enclosed_altar,
          infiniplex_staircase_pool_2
Swamp:1:  evilmike_swamp_ruin_house_4
Orc:1:    uniq_snorg
Orc:2:    kennysheep_orc_mage_school
Ossuary:  ossuary_boxes_badplayer
Gauntlet: minmay_gauntlet_mixed_big_or_small

Skill      XL: |  1  2  3  4  5  6  7  8  9 10 11 12 13 14 15 16 |
---------------+-------------------------------------------------+-----
Earth Magic    | 4 5 6 7 8 9 10 11 12 13 | 13.2
Spellcasting   | 3 4 5 6 7 8 9 10 | 10.2
Conjurations   | 2 3 4 5 6 7 8 9 10 11 | 11.6
Fighting       | 2 3 5 6 7 8 9 10 | 10.6
Maces & Flails | 2 3 4 5 6 7 8 9 |  9.8
Armour         | 2 4 5 6 |  6.0
Evocations     | 2 3 4 5 6 |  6.0
Dodging        | 2 3 4 5 6 7 8 |  8.5
Fire Magic     | 2 5 7 9 10 11 12 | 12.3
Stealth        | |  2.1
Transmutations | |  0.7

Action                   |  1- 3 |  4- 6 |  7- 9 | 10-12 | 13-15 | 16-18 || total
-------------------------+-------+-------+-------+-------+-------+-------++-------
Melee: Unarmed           |    40 |       |       |       |       |       ||    40
       Spear             |    68 |   217 |    59 |       |       |       ||   344
       Short sword       |       |       |   350 |   392 |       |       ||   742
       Morningstar       |       |       |    10 |   237 |   715 |    91 ||  1053
       Staff             |       |       |       |   132 |    19 |       ||   151
 Cast: Sandblast         |    11 |    43 |    79 |   137 |   198 |    25 ||   493
       Stone Arrow       |       |     3 |    15 |    81 |   139 |    30 ||   268
       Lee's Rapid Decon |       |       |    11 |    27 |    14 |       ||    52
       Bolt of Fire      |       |       |       |    25 |   135 |    17 ||   177
       Iron Shot         |       |       |       |       |    21 |     6 ||    27
       Fireball          |       |       |       |       |     3 |     5 ||     8
 Abil: Evoke Fog         |       |       |       |     1 |     1 |       ||     2
       Fly               |       |       |       |       |     1 |       ||     1
       Evoke Berserk Rag |       |       |       |       |     1 |       ||     1
Evoke: Wand              |       |       |    12 |    12 |    11 |     1 ||    36
  Use: Scroll            |       |     7 |     9 |     8 |    14 |     4 ||    42
       Potion            |       |     4 |     3 |     7 |    10 |       ||    24
 Stab: Sleeping          |     7 |     4 |    10 |     3 |    11 |     3 ||    38
       Distracted        |       |     2 |       |       |     1 |     1 ||     4
       Confused          |       |       |     1 |       |       |       ||     1
       Paralysed         |       |       |       |    13 |       |       ||    13
       Invisible         |       |       |       |       |     6 |       ||     6
  Eat: Chunk             |     1 |     9 |    14 |    33 |    75 |     9 ||   141
       Ration            |       |       |     2 |     6 |    14 |     3 ||    25
Armor: Robe              |    35 |    80 |   185 |   475 |   632 |   107 ||  1514
       Skin              |       |       |    20 |       |       |       ||    20
Dodge: Dodged            |    81 |   134 |   289 |   790 |  1027 |   160 ||  2481

Table legend:
 A = Non-vault XP
 B = Vault XP
 C = Vault XP percentage of total XP
 D = Non-vault monster count
 E = Vault monster count
 F = Vault count percentage of total count
                 A         B        C        D         E       F
            +---------+---------+-------+---------+---------+-------
      Total |  100135 |   50277 |  33.4 |     576 |     226 |  28.2
            +---------+---------+-------+---------+---------+-------
        D:1 |      31 |       1 |   3.1 |      20 |       1 |   4.8
        D:2 |     182 |       0 |   0.0 |      25 |       0 |   0.0
        D:3 |     229 |       0 |   0.0 |      30 |       0 |   0.0
        D:4 |     440 |     213 |  32.6 |      17 |       5 |  22.7
        D:5 |      82 |     166 |  66.9 |       6 |       1 |  14.3
        D:6 |     919 |     738 |  44.5 |      26 |       2 |   7.1
        D:7 |    1446 |    2123 |  59.5 |      25 |      17 |  40.5
        D:8 |    2009 |    1935 |  49.1 |      16 |      11 |  40.7
        D:9 |    1290 |    1155 |  47.2 |      20 |      11 |  35.5
       D:10 |    5973 |       0 |   0.0 |      51 |       0 |   0.0
       D:11 |    6475 |    2732 |  29.7 |      43 |      32 |  42.7
       D:12 |    2455 |     736 |  23.1 |      28 |       2 |   6.7
       D:13 |    7512 |    9195 |  55.0 |      37 |      14 |  27.5
       D:14 |    6427 |    1418 |  18.1 |      16 |       1 |   5.9
       D:15 |   13548 |    4396 |  24.5 |      32 |       6 |  15.8
     Lair:1 |    2638 |    1640 |  38.3 |      15 |       7 |  31.8
     Lair:2 |    1898 |     483 |  20.3 |       8 |       2 |  20.0
     Lair:3 |    1549 |    1606 |  50.9 |       7 |       7 |  50.0
     Lair:4 |    8368 |    1526 |  15.4 |      38 |       3 |   7.3
     Lair:5 |    5686 |       0 |   0.0 |      15 |       0 |   0.0
     Lair:6 |    9509 |    7802 |  45.1 |      25 |      29 |  53.7
    Swamp:1 |   15099 |       0 |   0.0 |      32 |       0 |   0.0
      Orc:1 |    4060 |    1168 |  22.3 |      30 |       1 |   3.2
      Orc:2 |    2310 |    8362 |  78.4 |      14 |      34 |  70.8
    Ossuary |       0 |     464 | 100.0 |       0 |      37 | 100.0
   Gauntlet |       0 |    2418 | 100.0 |       0 |       3 | 100.0
            +---------+---------+-------+---------+---------+-------
